 Dungeon Crawl Stone Soup version 0.28.0 (webtiles) character file.

Game seed: 4640759939117509466

9 Kaptain the Digger (level 2, -1/15 HPs)
             Began as a Gargoyle Earth Elementalist on Feb 14, 2022.
             Slain by a goblin (2 damage)
             ... on level 2 of the Dungeon.
             The game lasted 00:01:13 (311 turns).

Kaptain the Digger (Gargoyle Earth Elementalist)     Turns: 311, Time: 00:01:14

Health: -1/15      AC:  4    Str: 11    XL:     2   Next: 16%
Magic:  2/5        EV: 12    Int: 15    God:
Gold:   37         SH:  0    Dex: 10    Spells: 4/5 levels left

rFire   . . .      SeeInvis .   a - +1 quarterstaff
rCold   . . .      Faith    .   (shield currently unavailable)
rNeg    + . .      Spirit   .   b - +0 robe
rPois   ∞          Reflect  .   (no helmet)
rElec   +          Harm     .   (no cloak)
rCorr   .          Rampage  .   (no gloves)
Will    .....                   (no boots)
Stlth   ++........              (no amulet)
HPRegen 0.05/turn               (no ring)
MPRegen 0.09/turn               (no ring)

@: no status effects
A: sickness immunity, AC +2, negative energy resistance 1, electricity
resistance, torment resistance 1, petrification resistance
a: no special abilities


You were on level 2 of the Dungeon.
You visited 1 branch of the dungeon, and saw 2 of its levels.

You collected 37 gold pieces.

Inventory:

Hand Weapons
 a - a +1 quarterstaff (weapon)
Missiles
 c - 16 stones
Armour
 b - a +0 robe (worn)
Potions
 e - a potion of curing {unknown}


   Skills:
 + Level 0.2 Fighting
 + Level 0.5 Armour
 + Level 1.6 Dodging
 + Level 2.3 Stealth
 * Level 2.2 Spellcasting
 - Level 0.7 Transmutations
 * Level 3.8 Earth Magic


You had 4 spell levels left.
You knew the following spells:

 Your Spells              Type           Power      Damage    Failure   Level
a - Sandblast             Erth           26%        2d8       4%          1

Your spell library contained the following spells:

 Spells                   Type           Power      Damage    Failure   Level
 Passwall                 Tmut/Erth      6%         N/A       13%         2
 Stone Arrow              Conj/Erth      14%        3d7       30%         3
 Petrify                  Tmut/Erth      8%         N/A       65%         4


Dungeon Overview and Level Annotations

Branches:
Dungeon (1/15)

Altars:


Innate Abilities, Weirdness & Mutations

You are immune to sickness and miasma.
Your stone body is resilient. (AC +2)
You are immune to poison.
You resist negative energy. (rN+)
You are resistant to electric shocks. (rElec)
You are resistant to unholy torment.
You are immune to petrification.


Message History

Press: ? - help, Shift-Dir - straight line, f/p - iguana
Aim: an iguana (moderately wounded, 82% to hit)
The blast of sand hits the iguana but does no damage.
The iguana is moderately wounded.
The iguana bites you but does no damage.
Casting: Sandblast (safe; 4% risk of failure)
Confirm with . or Enter, or press ? or * to list all spells.
Aiming: Sandblast (safe; 4% risk of failure)
Press: ? - help, Shift-Dir - straight line, f/p - iguana
Aim: an iguana (moderately wounded, 82% to hit)
The blast of sand misses the iguana.
The iguana bites you.
Unknown command.
f - a scroll labelled KATRYB CANI The iguana bites you.
A gnoll comes into view. It is wielding a +0 spear.
The gnoll shouts!
You hear a shout!
A gnoll comes into view. It is wielding a +1 vorpal flail.
An adder comes into view.
A gnoll comes into view. It is wielding a +0 whip.
The iguana barely misses you.
A gnoll comes into view. It is wielding a +0 club.
Found a stone staircase leading down.
A jackal comes into view.
A goblin and a jackal come into view.
The jackal barks!
A jackal comes into view.
The goblin barely misses you.
As you read the scroll labelled LEHUOMMA CEC, it crumbles to dust.
The scroll dissolves into smoke.
It was a scroll of fog.
The gnoll hits you with a +1 vorpal flail!
Ouch! That really hurt!
* * * LOW HITPOINT WARNING * * *
x2 The goblin barely misses you.
Unknown command.
Okay, then.
As you read the scroll labelled KATRYB CANI, it crumbles to dust.
It is a scroll of enchant weapon.
Your +0 quarterstaff glows red for a moment.
The gnoll closely misses you. The goblin hits you with a +0 club.
You die...

..# ...# .S. .....##
#..........##
............##
.....#.g..#..####++###
.....#....#...§g@§§..#
.....#g...#...§l#g§..+ .
#.......#...g§#§§..#
.##.......#..........#
............g........h.
.......#................
.......#..............hh
.......#................
.......#.........>....


You could see an iguana, 2 gnolls and a goblin.

Vanquished Creatures
  A dart slug (D:1)
  An endoplasm (D:1)
  A hobgoblin (D:1)
  2 ball pythons (D:1)
  A frilled lizard (D:1)
  2 kobolds (D:1)
  A rat (D:1)
9 creatures vanquished.

Notes
Turn   | Place    | Note
-------+----------+-------------------------------------------
     0 | D:1      | Kaptain the Gargoyle Earth Elementalist began the quest for
                  | the Orb.
     0 | D:1      | Reached XP level 1. HP: 10/10 MP: 3/3
   184 | D:1      | Reached XP level 2. HP: 15/15 MP: 1/5
   286 | D:1      | You fall into a shaft and drop 1 floor!
   311 | D:2      | Slain by a goblin

Illustrated notes

Levels and vault maps discovered:
D:1:      wheals_arrival_linesprint, layout_rooms,
          hellmonk_ecumenical_altar_slurped_away
D:2:      layout_basic, kennysheep_big_empty_room

Action                   || total
-------------------------++-------
 Cast: Sandblast         ||    17
  Use: Scroll            ||     2
Armor: Robe              ||     1
Dodge: Dodged            ||     7
